 Dungeon Crawl Stone Soup version 0.26-a0-597-gb535b0901c (webtiles) character file.

Game seed: 1802464499995186335

3245 Lanoc the Magus (level 9, -2/49 HPs)
             Began as a Vine Stalker Monk on Sept 13, 2020.
             Was an Elder of Nemelex Xobeh.
             Slain by a crocodile (9 damage)
             ... on level 7 of the Dungeon.
             The game lasted 00:10:51 (5248 turns).

Lanoc the Magus (Vine Stalker Monk)                 Turns: 5248, Time: 00:10:52

Health: -2/49      AC:  4    Str: 14    XL:     9   Next: 99%
Magic:  0/16       EV: 14    Int: 10    God:    Nemelex Xobeh [****..]
Gold:   364        SH: 12    Dex: 20    Spells: 8/8 levels left

rFire    . . .     SeeInvis +   a - +4 dagger (speed)
rCold    . . .     Faith    .   l - +2 kite shield {rN+}
rNeg     + . .     Spirit   +   n - +0 robe
rPois    .         Reflect  .   v - +1 helmet
rElec    .         Harm     .   (no cloak)
rCorr    .                      (no gloves)
MR       +....                  (no boots)
Stlth    +.........             (no amulet)
HPRegen  0.56/turn              j - ring of see invisible
MPRegen  0.15/turn              w - ring of attention (curse)

@: no status effects
A: fangs 3, regeneration 1, magic shield, antimagic bite, no potion heal 3, rot
immunity
a: Draw Escape, Draw Destruction, Draw Summoning, Triple Draw, Deal Four,
Renounce Religion


You were on level 7 of the Dungeon.
You worshipped Nemelex Xobeh.
Nemelex Xobeh was greatly pleased with you.
You visited 1 branch of the dungeon, and saw 7 of its levels.

You collected 364 gold pieces.

Inventory:

Hand Weapons
 a - a +4 dagger of speed (weapon)
 b - the +4 war axe "Banisher" {pain, rElec rPois Str-2 Stlth+}
   (You found it on level 3 of the Dungeon)

   In the hands of one skilled in necromantic magic, it inflicts extra damage on
   living creatures.
   It affects your strength (-2).
   It insulates you from electricity.
   It protects you from poison.
   It makes you more stealthy.
Missiles
 z - 3 throwing nets (quivered)
Armour
 l - a +2 kite shield of positive energy (worn)
 n - a +0 robe (worn)
 v - a +1 helmet (worn)
Jewellery
 j - a ring of see invisible (left hand)
 w - a cursed ring of attention (right hand)
Wands
 t - a wand of random effects (16)
Scrolls
 c - a scroll of enchant armour {unknown}
 d - 2 scrolls of amnesia {unknown}
 e - 7 scrolls of identify {unknown}
 f - 2 scrolls of blinking {unknown}
 g - 2 scrolls of immolation {unknown}
 h - 7 scrolls of remove curse {unknown}
 k - 4 scrolls of teleportation {unknown}
 m - a scroll of random uselessness {unknown}
 q - a scroll of vulnerability {unknown}
 x - a scroll of fog {unknown}
 y - a scroll of enchant weapon {unknown}
Potions
 i - 3 potions of magic {unknown}
 o - 2 potions of brilliance {unknown}
 p - a potion of stabbing {unknown}
 r - 2 potions of resistance {unknown}
 s - 2 potions of heal wounds {unknown}
 u - 2 potions of curing {unknown}


   Skills:
 + Level 6.3 Fighting
   Level 3.9 Long Blades
 + Level 5.8 Dodging
 - Level 2.4 Stealth
 + Level 4.9 Shields
 * Level 8.1 Invocations


You had 8 spell levels left.
You didn't know any spells.
Your spell library contained the following spells:

 Spells                   Type           Power        Failure   Level
 Animate Skeleton         Necr           #.....       80%         1
 Apportation              Tloc           #.....       80%         1
 Beastly Appendage        Tmut           #.....       80%         1
 Corona                   Hex            #......      80%         1
 Magic Dart               Conj           #...         80%         1
 Summon Small Mammal      Summ           #...         80%         1
 Searing Ray              Conj           #.....       91%         2
 Wereblood                Tmut           #.......     91%         2
 Dazzling Flash           Conj/Hex       #.....       99%         3
 Spider Form              Tmut/Pois      #.........   99%         3
 Fulminant Prism          Conj/Hex       #.........   100%        4
 Ice Form                 Ice/Tmut       #.......     100%        4
 Iskenderun's Mystic Bla  Conj/Tloc      #.......     100%        4
 Blade Hands              Tmut           #.........   100%        5


Dungeon Overview and Level Annotations

Branches:
Dungeon (7/15)             Temple (0/1) D:7

Altars:
Ashenzari
Cheibriados
Dithmenos
Fedhas
Kikubaaqudgha
Nemelex Xobeh
Okawaru
Ru
Trog
Vehumet
Wu Jian
Xom
Yredelemnul

Shops:
D:6 }

Annotations:
D:5 2 runed translucent doors, hello1's ghost, novice MiFi


Innate Abilities, Weirdness & Mutations

You have razor-sharp teeth.
Your natural rate of healing is unusually fast.
When hurt, damage is shared between your health and your magic reserves.
Your bite disrupts and absorbs the magic of your enemies.
Potions cannot restore your health.
You are immune to rotting.


Message History

You hit the crocodile but do no damage. You block the crocodile's attack.
You hit the crocodile but do no damage. Your bite misses the crocodile.
The crocodile bites you!
You hit the crocodile. Your bite misses the crocodile.
The crocodile is lightly wounded.
You closely miss the crocodile.
The crocodile is lightly wounded.
The crocodile bites you!!
You are too injured to fight recklessly!
You are too injured to fight recklessly!
You hit the crocodile. Your bite misses the crocodile.
The crocodile is lightly wounded.
You hit the crocodile.
You bite the crocodile, but do no damage.
The crocodile is moderately wounded.
The crocodile bites you!!
* * * LOW HITPOINT WARNING * * *
You draw a card...
You have drawn Foxfire.
The crocodile bites you!
You die...
Your body glows with a rainbow of weird colours and disappears.

#....)....#.............
#.#.).....#........###.#
#.#.......#.......## #.# #####
#)#.......#.....>....#.#
####...###.#..)....#.......##.#.#
...........#..................#.#
.......###.#.......#####........#
≈≈.....# #.#...v.......'........#
≈≈≈≈.[.# #.#....@...####.......
≈≈≈≈≈..# ......t....# ......
≈≈≈≈≈..# ........v..# ...
.......# ...........# ≈≈≈≈≈.##
.....#.....# ≈≈≈≈..# .....#.....#
≈≈.... .... #.....# ...... ....
#.....# ......


You could see a crocodile, an insubstantial wisp (summoned) and a friendly
insubstantial wisp (summoned).

Vanquished Creatures
  Harold (D:7)
  A hippogriff (D:7)
  Menkaure (D:3)
  2 water moccasins
  3 ogres
  2 phantoms
  3 centaurs
  3 bullfrogs
  A water moccasin zombie (D:6)
  3 wights (D:7)
  2 howler monkeys
  4 hounds
  3 jellies
  3 bullfrog skeletons
  An orc priest (D:3)
  6 orc wizards
  A centaur skeleton (D:7)
  3 iguanas
  2 worker ants
  3 hound zombies
  A mummy (D:6)
  Robin (D:2)
  4 gnolls (D:3)
  6 adders
  A white imp (D:7)
  An adder skeleton (D:6)
  A worm (D:3)
  3 dart slugs
  5 leopard geckos
  19 orcs
  10 bats
  5 giant cockroaches
  15 goblins
  2 hobgoblins (D:1)
  7 jackals
  9 kobolds
  4 quokkas
  3 frilled lizards
  A jackal zombie (D:4)
  A leopard gecko zombie (D:3)
  A quokka skeleton (D:4)
  13 rats
161 creatures vanquished.

Vanquished Creatures (collateral kills)
  An ufetubus (D:3)
1 creature vanquished.

Grand Total: 162 creatures vanquished

Notes
Turn   | Place    | Note
-------+----------+-------------------------------------------
     0 | D:1      | Lanoc the Vine Stalker Monk began the quest for the Orb.
     0 | D:1      | Reached XP level 1. HP: 11/11 MP: 2/2
    60 | D:1      | Reached XP level 2. HP: 5/16 MP: 3/3
   570 | D:2      | Found a blossoming altar of Fedhas.
   571 | D:2      | Found a sacrificial altar of Ru.
   576 | D:2      | Reached XP level 3. HP: 19/20 MP: 4/4
   853 | D:2      | Found a shimmering altar of Xom.
   855 | D:2      | Noticed a phantom
   864 | D:2      | Found a shimmering altar of Xom.
   865 | D:2      | Found a shimmering altar of Xom.
   865 | D:2      | Found a shimmering altar of Xom.
   866 | D:2      | Found a shimmering altar of Xom.
   867 | D:2      | Found a shimmering altar of Xom.
   868 | D:2      | Found a shimmering altar of Xom.
   950 | D:2      | Gained mutation: Your natural rate of healing is unusually
                  | fast. [Vine Stalker growth]
   950 | D:2      | Reached XP level 4. HP: 18/24 MP: 2/5
  1116 | D:3      | Noticed Robin
  1197 | D:2      | Killed Robin
  1254 | D:3      | Reached XP level 5. HP: 21/28 MP: 4/6
  1278 | D:3      | Found a sparkling altar of Nemelex Xobeh.
  1323 | D:3      | Became a worshipper of Nemelex Xobeh the Trickster
  1323 | D:3      | Received a gift from Nemelex Xobeh
  1323 | D:3      | Reached * piety under Nemelex Xobeh
  1323 | D:3      | Reached ** piety under Nemelex Xobeh
  1375 | D:3      | Reached skill level 1 in Invocations
  1409 | D:3      | Found an ancient bone altar of Kikubaaqudgha.
  1411 | D:3      | Noticed Menkaure
  1414 | D:3      | Found a basalt altar of Yredelemnul.
  1476 | D:3      | Reached skill level 2 in Invocations
  1476 | D:3      | Reached XP level 6. HP: 23/33 MP: 8/8
  1620 | D:3      | Reached skill level 1 in Shields
  1757 | D:3      | Noticed a moth of wrath
  1760 | D:3      | Found a bloodstained altar of Trog.
  1936 | D:3      | Noticed a phantom
  1937 | D:3      | Found a transporter.
  1939 | D:3      | Found a transporter.
  1981 | D:3      | Got a twisted war axe
  1996 | D:3      | Identified the +4 war axe "Banisher" {pain, rElec rPois
                  | Str-2 Stlth+} (You found it on level 3 of the Dungeon)
  2077 | D:3      | Killed a phantom
  2256 | D:3      | Killed Menkaure
  2256 | D:3      | Reached skill level 3 in Invocations
  2256 | D:3      | Reached XP level 7. HP: 26/37 MP: 6/10
  2413 | D:4      | Found an iron altar of Okawaru.
  2440 | D:4      | Received a gift from Nemelex Xobeh
  2511 | D:4      | Found a radiant altar of Vehumet.
  2547 | D:4      | Reached skill level 4 in Invocations
  2674 | D:4      | Gained mutation: You have razor-sharp teeth. [Vine Stalker
                  | growth]
  2674 | D:4      | Reached XP level 8. HP: 23/42 MP: 7/12
  2907 | D:4      | Reached *** piety under Nemelex Xobeh
  2925 | D:4      | Received a gift from Nemelex Xobeh
  3133 | D:4      | Reached skill level 5 in Invocations
  3203 | D:5      | Entered Level 5 of the Dungeon
  3213 | D:5      | Reached skill level 5 in Fighting
  3253 | D:5      | Found an ornate altar of the Wu Jian Council.
  3268 | D:5      | Found a large runed translucent door.
  3269 | D:5      | Found a large runed translucent door.
  3270 | D:5      | Noticed hello1's ghost (novice MiFi)
  3311 | D:5      | Found a shattered altar of Ashenzari.
  3480 | D:5      | Found a bloodstained altar of Trog.
  3845 | D:6      | Reached skill level 6 in Invocations
  3891 | D:6      | Found Bakuri's Gadget Shop.
  3951 | D:6      | Reached skill level 5 in Dodging
  3951 | D:6      | Reached XP level 9. HP: 47/47 MP: 14/14
  3989 | D:6      | Received a gift from Nemelex Xobeh
  4064 | D:6      | Reached **** piety under Nemelex Xobeh
  4568 | D:6      | Found a snail-covered altar of Cheibriados.
  4685 | D:7      | Received a gift from Nemelex Xobeh
  4753 | D:7      | Found a shadowy altar of Dithmenos.
  5001 | D:7      | Found a staircase to the Ecumenical Temple.
  5034 | D:7      | Noticed Harold
  5059 | D:7      | Killed Harold
  5059 | D:7      | Reached skill level 7 in Invocations
  5170 | D:7      | Received a gift from Nemelex Xobeh
  5200 | D:7      | Reached skill level 8 in Invocations
  5248 | D:7      | Slain by a crocodile

Illustrated notes

Levels and vault maps discovered:
D:1:      heliophobic_arrival_ceremonial_halls, layout_basic
D:2:      layout_loops_corners, xom_redecorated, grunt_temple_overflow_open
D:3:      layout_rooms, gammafunk_temple_of_torment,
          nicolae_overflow_crystal_walls, tgw_trog, uniq_robin
D:4:      layout_gridville, kennysheep_mini, chequers_serial_rivers_small_b,
          okawaru_trees_1
D:5:      layout_rooms, overflow_temple_1_default, ebering_ghost_disaster_area,
          basic_altar, chequers_serial_rivers_marsh, ashenzari_altar_1
D:6:      layout_basic, slow_altar_2, serial_shops, shop,
          kennysheep_generic_room_6
D:7:      lemuel_ratsnest, layout_basic, temple_pool_b, serial_shops,
          nicolae_shop_trees, serial_park_tiny_1,
          nicolae_dithmenos_shadow_blocks, uniq_harold

Skill      XL: |  1  2  3  4  5  6  7  8  9 |
---------------+----------------------------+-----
Long Blades    | 3 |  3.9
Fighting       | 3 4 5 6 |  6.3
Dodging        | 3 4 5 |  5.8
Invocations    | 2 3 4 6 8 |  8.1
Shields        | 1 2 3 4 |  4.9
Stealth        | |  2.4

Action                   |  1- 3 |  4- 6 |  7- 9 || total
-------------------------+-------+-------+-------++-------
Melee: Falchion          |    76 |    41 |       ||   117
       Bite              |    16 |    59 |   113 ||   188
       Dagger            |       |   192 |   291 ||   483
Invok: Draw Destruction  |       |     4 |    10 ||    14
       Draw Summoning    |       |     1 |     1 ||     2
 Stab: Sleeping          |     2 |     3 |     6 ||    11
       Distracted        |       |       |     1 ||     1
Armor: Robe              |    16 |    22 |    15 ||    53
Dodge: Dodged            |    57 |   119 |   107 ||   283
Block: Kite shield       |       |    43 |   121 ||   164
       Rpst.: Falchion   |    16 |    12 |       ||    28

Table legend: (Time is in decaauts)
 A = Elapsed time spent in this place.
 B = Non-inter-level travel time spent in this place.
 C = Inter-level travel time spent in this place.
 D = Time resting spent in this place.
 E = Time spent auto-exploring this place.
 F = Levels seen in this place.
 G = Mean time per level.
                   A        B        C        D        E       F      G
               +--------+--------+--------+--------+--------+-----+--------+
         Total |   5113 |   4997 |    116 |    198 |   3555 |   7 |  730.4 |
       Dungeon |   5113 |   4997 |    116 |    198 |   3555 |   7 |  730.4 |
               +--------+--------+--------+--------+--------+-----+--------+

Top non-repeatable levels by time:
     D:3: 1073 daAuts
     D:6: 868 daAuts
     D:4: 809 daAuts
     D:2: 661 daAuts
     D:5: 578 daAuts
     D:1: 576 daAuts
     D:7: 545 daAuts
